cohdb
Replays
Latest Replays
All Replays
Popular Replays
Top Player Replays
Match Explorer
How It Works
Community
CoH3 Stats
Reddit
Sign in to upload your games and track your stats! →
Sign in with Steam
Match 41233929
Unlisted
Match 41233929
Overview
Messages
Build Orders
End
Royal Engineer Section
Construct Section Command Post
Infantry Section
Dingo Light Scout Car
Infantry Section
Selects Canadian Shock Battlegroup
Construct Platoon Command Post
Selects Attacking Spirit
Vickers Machine Gun Team
Humber Armored Car
Selects Incendiary Munitions
Selects Canadian Shock Section
Infantry Section
Selects Pyrotechnics
6-pounder Anti-tank Gun Team
只愛❤毛妹
烧花鸭烧雏鸡儿烧子鹅
0
0
Comments
sign in to comment!
No comments posted yet!